TOP OF THE 1ST |
Connecticut Huskies batting - Pitching for Missouri Tigers : RHP Vincente León
|
Pitching: RHP Vincente León
|
|
Batting: RHB Anthony Payton
|
0-0: Called Strike 0-1: Ball 1-1: Ball 2-1: Called Strike 2-2: Ground out U3 (Groundball, 34)
|
Batting: RHB Ron Frost
|
0-0: Foul Ball, location: 2F 0-1: Called Strike 0-2: Strikes out looking
|
Batting: RHB Phil Gabriel
|
0-0: Foul Ball, location: 2F 0-1: Foul Ball, location: 2F 0-2: Ball 1-2: Strikes out swinging
|
Top of the 1st over - 0 runs, 0 hits, 0 errors, 0 left on base; Connecticut 0 - Missouri 0 |
BOTTOM OF THE 1ST |
Missouri Tigers batting - Pitching for Connecticut Huskies : RHP Frank Fuller
|
Pitching: RHP Frank Fuller
|
|
Batting: SHB Marcos Cruz
|
0-0: Called Strike 0-1: Foul Ball, location: 2F 0-2: Strikes out looking
|
Batting: LHB Alfredo Herrera
|
0-0: Called Strike 0-1: Foul Ball, location: 2F 0-2: Ball 1-2: Foul Ball, location: 2F 1-2: Ball 2-2: Strikes out looking
|
Batting: SHB Brian Fish
|
0-0: Foul Ball, location: 2F 0-1: Called Strike 0-2: SOLO HOME RUN (Flyball, 9LD), Distance : 313 ft
|
Batting: LHB Rodney Rosa
|
0-0: Fly out, F9 (Flyball, 89D)
|
Bottom of the 1st over - 1 run, 1 hit, 0 errors, 0 left on base; Connecticut 0 - Missouri 1 |
TOP OF THE 2ND |
Connecticut Huskies batting - Pitching for Missouri Tigers : RHP Vincente León
|
Batting: LHB Roberto Martínez
|
0-0: Ball 1-0: Called Strike 1-1: Called Strike 1-2: Foul Ball, location: 2F 1-2: Strikes out swinging
|
Batting: RHB Eric Vaughn
|
0-0: Ball 1-0: Ball 2-0: Ball 3-0: Base on Balls
|
Batting: LHB Garth Gallegos
|
0-0: Called Strike 0-1: Foul Ball, location: 2F 0-2: Ball 1-2: Foul Ball, location: 2F 1-2: Ball 2-2: Fielders Choice at 2nd, 4-6 (Groundball, 4)
|
Batting: RHB Jeremy Day
|
0-0: Ball Garth Gallegos steals 2nd base 1-0: Called Strike 1-1: SINGLE (Line Drive, 7LS) Garth Gallegos to third Runner from 3rd tries for Home, SAFE, no throw
|
Batting: RHB Andrés Padilla
|
0-0: Foul Ball, location: 2F 0-1: SINGLE (Line Drive, 6M) Jeremy Day to second
|
Batting: SHB José Ramírez
|
0-0: Fly out, F7 (Flyball, 78D)
|
Top of the 2nd over - 1 run, 2 hits, 0 errors, 2 left on base; Connecticut 1 - Missouri 1 |
BOTTOM OF THE 2ND |
Missouri Tigers batting - Pitching for Connecticut Huskies : RHP Frank Fuller
|
Batting: RHB Harvey Willis
|
0-0: Ball 1-0: Fly out, F9 (Flyball, 89S)
|
Batting: LHB Michael Robertson
|
0-0: Ball 1-0: Ball 2-0: Hit by Pitch
|
Batting: RHB Harry Edwards
|
0-0: Called Strike 0-1: Foul Ball, location: 2F 0-2: Ball 1-2: Strikes out swinging
|
Batting: SHB David Castaneda
|
0-0: Ball 1-0: Ball 2-0: Ground out 1-3 (Groundball, P)
|
Bottom of the 2nd over - 0 runs, 0 hits, 0 errors, 1 left on base; Connecticut 1 - Missouri 1 |
TOP OF THE 3RD |
Connecticut Huskies batting - Pitching for Missouri Tigers : RHP Vincente León
|
Batting: RHB Anthony Payton
|
0-0: Ball 1-0: Called Strike 1-1: Foul Ball, location: 2F 1-2: Foul Ball, location: 2F 1-2: Strikes out swinging
|
Batting: RHB Ron Frost
|
0-0: Ball 1-0: Foul Ball, location: 2F 1-1: Ball 2-1: Ball 3-1: Foul Ball, location: 2F 3-2: Base on Balls
|
Batting: RHB Phil Gabriel
|
0-0: Ball 1-0: Ball 2-0: Called Strike 2-1: SINGLE (Line Drive, 7S) Ron Frost to second
|
Batting: LHB Roberto Martínez
|
0-0: Ball 1-0: SINGLE (Flyball, 5D) Ron Frost to third Phil Gabriel to second Runner from 3rd tries for Home, SAFE, no throw
|
Batting: RHB Eric Vaughn
|
0-0: Called Strike 0-1: Swinging Strike 0-2: Grounds into double play, 6-4-3 (Groundball, 6)
|
Top of the 3rd over - 1 run, 2 hits, 0 errors, 1 left on base; Connecticut 2 - Missouri 1 |
BOTTOM OF THE 3RD |
Missouri Tigers batting - Pitching for Connecticut Huskies : RHP Frank Fuller
|
Batting: LHB Christian Harris
|
0-0: Foul Ball, location: 2F 0-1: Ball 1-1: Ball 2-1: Foul Ball, location: 2F 2-2: Ball 3-2: Base on Balls
|
Batting: SHB Marcos Cruz
|
0-0: Ball 1-0: Ball 2-0: Called Strike 2-1: Fly out, F9 (Flyball, 9LM)
|
Batting: LHB Alfredo Herrera
|
0-0: Ball 1-0: Ball 2-0: Ball 3-0: Called Strike 3-1: Foul Ball, location: 2F 3-2: Reached on error, E4 (Groundball, 4) Christian Harris to second
|
Batting: SHB Brian Fish
|
0-0: Ball 1-0: Swinging Strike 1-1: Swinging Strike 1-2: Strikes out looking
|
Batting: LHB Rodney Rosa
|
0-0: Ball 1-0: Ball 2-0: Ground out 4-3 (Groundball, 4)
|
Bottom of the 3rd over - 0 runs, 0 hits, 1 error, 2 left on base; Connecticut 2 - Missouri 1 |
TOP OF THE 4TH |
Connecticut Huskies batting - Pitching for Missouri Tigers : RHP Vincente León
|
Batting: LHB Garth Gallegos
|
0-0: Ball 1-0: Ball 2-0: Ball 3-0: Called Strike 3-1: Base on Balls
|
Batting: RHB Jeremy Day
|
0-0: Called Strike 0-1: Swinging Strike 0-2: Ball 1-2: Foul Ball, location: 2F 1-2: Strikes out looking
|
Batting: RHB Andrés Padilla
|
0-0: Called Strike 0-1: Ball 1-1: Ball 2-1: Foul Ball, location: 2F 2-2: Grounds into double play, 6-4-3 (Groundball, 6)
|
Top of the 4th over - 0 runs, 0 hits, 0 errors, 0 left on base; Connecticut 2 - Missouri 1 |
BOTTOM OF THE 4TH |
Missouri Tigers batting - Pitching for Connecticut Huskies : RHP Frank Fuller
|
Batting: RHB Harvey Willis
|
0-0: Ball 1-0: Ball 2-0: Ball 3-0: Called Strike 3-1: Foul Ball, location: 2F 3-2: SOLO HOME RUN (Flyball, 7D), Distance : 359 ft
|
Batting: LHB Michael Robertson
|
0-0: Ball 1-0: Called Strike 1-1: Swinging Strike 1-2: Ball 2-2: Foul Ball, location: 2F 2-2: Ball 3-2: Ground out 6-3 (Groundball, 6M)
|
Batting: RHB Harry Edwards
|
0-0: Foul Ball, location: 2F 0-1: Ball 1-1: Foul Ball, location: 2F 1-2: Ball 2-2: Fly out, F9 (Flyball, 9D)
|
Batting: SHB David Castaneda
|
0-0: SINGLE (Groundball, 6MD)
|
Batting: LHB Christian Harris
|
0-0: DOUBLE (Line Drive, 89D) David Castaneda to third Runner from 3rd tries for Home, SAFE, no throw
|
Batting: SHB Marcos Cruz
|
0-0: Foul Ball, location: 2F 0-1: Foul Ball, location: 2F 0-2: Foul Ball, location: 2F 0-2: Foul Ball, location: 2F 0-2: Strikes out swinging
|
Bottom of the 4th over - 2 runs, 3 hits, 0 errors, 1 left on base; Connecticut 2 - Missouri 3 |
TOP OF THE 5TH |
Connecticut Huskies batting - Pitching for Missouri Tigers : RHP Vincente León
|
Batting: SHB José Ramírez
|
0-0: Called Strike 0-1: Ball 1-1: Ball 2-1: Fly out, F7 (Line Drive, 7LM)
|
Batting: RHB Anthony Payton
|
0-0: Ball 1-0: SOLO HOME RUN (Flyball, 7LD), Distance : 322 ft
|
Batting: RHB Ron Frost
|
0-0: Ground out 5-3 (Groundball, 5)
|
Batting: RHB Phil Gabriel
|
0-0: Ball 1-0: Called Strike 1-1: Ground out 4-3 (Groundball, 4S)
|
Top of the 5th over - 1 run, 1 hit, 0 errors, 0 left on base; Connecticut 3 - Missouri 3 |
BOTTOM OF THE 5TH |
Missouri Tigers batting - Pitching for Connecticut Huskies : RHP Frank Fuller
|
Batting: LHB Alfredo Herrera
|
0-0: Swinging Strike 0-1: Ball 1-1: Swinging Strike 1-2: Ball 2-2: DOUBLE (Groundball, 5L)
|
Batting: SHB Brian Fish
|
0-0: Intentional Walk
|
Batting: LHB Rodney Rosa
|
0-0: Ball 1-0: Ball 2-0: Foul Ball, location: 2F 2-1: Ball 3-1: Base on Balls Alfredo Herrera to third Brian Fish to second
|
Pitching: RHP John McWhirter
|
|
Batting: RHB Harvey Willis
|
0-0: Called Strike 0-1: Ball 1-1: Ball 2-1: Foul Ball, location: 2F 2-2: Strikes out swinging
|
Batting: LHB Michael Robertson
|
0-0: Called Strike 0-1: SINGLE (Flyball, 9LS) Alfredo Herrera scores Brian Fish to third Rodney Rosa to second
|
Batting: RHB Harry Edwards
|
0-0: Fly out, F6 (Popup, 4S)
|
Batting: SHB David Castaneda
|
0-0: Swinging Strike 0-1: Ball 1-1: Ball 2-1: SINGLE (Flyball, 7S) Brian Fish scores Rodney Rosa to third Michael Robertson to second Runner from 3rd tries for Home, SAFE, no throw
|
Batting: LHB Christian Harris
|
0-0: Ball 1-0: Fielders Choice at 2nd, 6-4 (Groundball, 6)
|
Bottom of the 5th over - 3 runs, 3 hits, 0 errors, 2 left on base; Connecticut 3 - Missouri 6 |
TOP OF THE 6TH |
Connecticut Huskies batting - Pitching for Missouri Tigers : RHP Vincente León
|
Batting: LHB Roberto Martínez
|
0-0: Called Strike 0-1: Foul Ball, location: 2F 0-2: Strikes out swinging
|
Pitching: RHP Michel Bernatchez
|
|
Batting: RHB Eric Vaughn
|
0-0: Ball 1-0: Foul Ball, location: 2F 1-1: Foul Ball, location: 2F 1-2: Fly out, F8 (Flyball, 8LD)
|
Batting: LHB Garth Gallegos
|
0-0: Foul Ball, location: 2F 0-1: SINGLE (Line Drive, 8LS)
|
Batting: RHB Jeremy Day
|
0-0: Called Strike 0-1: Swinging Strike 0-2: Strikes out swinging
|
Top of the 6th over - 0 runs, 1 hit, 0 errors, 1 left on base; Connecticut 3 - Missouri 6 |
BOTTOM OF THE 6TH |
Missouri Tigers batting - Pitching for Connecticut Huskies : RHP John McWhirter
|
Batting: SHB Marcos Cruz
|
0-0: Called Strike 0-1: Foul Ball, location: 2F 0-2: Ball 1-2: Ball 2-2: Strikes out swinging
|
Batting: LHB Alfredo Herrera
|
0-0: Ball 1-0: Fly out, F9 (Line Drive, 9)
|
Batting: SHB Brian Fish
|
0-0: Ball 1-0: Ball 2-0: Foul Ball, location: 2F 2-1: Fly out, F9 (Flyball, 9S)
|
Bottom of the 6th over - 0 runs, 0 hits, 0 errors, 0 left on base; Connecticut 3 - Missouri 6 |
TOP OF THE 7TH |
Connecticut Huskies batting - Pitching for Missouri Tigers : RHP Michel Bernatchez
|
Batting: RHB Andrés Padilla
|
0-0: Ball 1-0: Called Strike 1-1: Ball 2-1: Ball 3-1: Base on Balls
|
Batting: SHB José Ramírez
|
0-0: Called Strike 0-1: SINGLE (Groundball, 56S) (infield hit) Andrés Padilla to second
|
Batting: RHB Anthony Payton
|
0-0: Ball 1-0: Ball 2-0: Foul Ball, location: 2F 2-1: Ball 3-1: Swinging Strike 3-2: Strikes out swinging
|
Batting: RHB Ron Frost
|
0-0: Ball 1-0: Ball 2-0: Ball 3-0: Base on Balls Andrés Padilla to third José Ramírez to second
|
Batting: RHB Phil Gabriel
|
0-0: Called Strike 0-1: Foul Ball, location: 2F 0-2: Ball 1-2: Ball 2-2: Fly out, F9 (Flyball, 9S)
|
Batting: LHB Roberto Martínez
|
0-0: Called Strike 0-1: Foul Ball, location: 2F 0-2: Foul Ball, location: 2F 0-2: Foul Ball, location: 2F 0-2: Ball 1-2: Foul Ball, location: 2F 1-2: Ball 2-2: Ball 3-2: SINGLE (Groundball, 4MD) Andrés Padilla scores José Ramírez to third Ron Frost to second José Ramírez scores Ron Frost to third
|
Batting: RHB Eric Vaughn
|
0-0: Ball 1-0: Ball 2-0: Ball 3-0: Base on Balls Roberto Martínez to second
|
Pitching: LHP Jason Reed
|
|
Batting: LHB Garth Gallegos
|
0-0: Foul Ball, location: 2F 0-1: Ball 1-1: Ball 2-1: Swinging Strike 2-2: Strikes out swinging
|
Top of the 7th over - 2 runs, 2 hits, 0 errors, 3 left on base; Connecticut 5 - Missouri 6 |
BOTTOM OF THE 7TH |
Missouri Tigers batting - Pitching for Connecticut Huskies : RHP John McWhirter
|
Pitching: LHP Jude Hatfield
|
|
Batting: LHB Rodney Rosa
|
0-0: Ball 1-0: Ball 2-0: Swinging Strike 2-1: Swinging Strike 2-2: Strikes out looking
|
Pitching: RHP Dave Howell
|
|
Batting: RHB Harvey Willis
|
0-0: Called Strike 0-1: Ball 1-1: Foul Ball, location: 2F 1-2: Ball 2-2: Strikes out looking
|
Batting: LHB Michael Robertson
|
0-0: Called Strike
|
|
|
|
0-1: DOUBLE (Line Drive, 9LD)
|
Batting: RHB Harry Edwards
|
0-0: Swinging Strike 0-1: Swinging Strike 0-2: Strikes out swinging
|
Bottom of the 7th over - 0 runs, 1 hit, 0 errors, 1 left on base; Connecticut 5 - Missouri 6 |
TOP OF THE 8TH |
Connecticut Huskies batting - Pitching for Missouri Tigers : LHP Jason Reed
|
Now at 1B: Vincent Turner
|
|
Batting: RHB Jeremy Day
|
0-0: Foul Ball, location: 2F 0-1: Ground out 1-3 (Groundball, 13S)
|
Batting: RHB Andrés Padilla
|
0-0: Ball 1-0: Ball 2-0: SOLO HOME RUN (Line Drive, 7D), Distance : 350 ft
|
Pinch Hitting: RHB Terry McRa
|
0-0: SINGLE (Groundball, 2L) (infield hit)
|
Batting: RHB Anthony Payton
|
0-0: Ball 1-0: Swinging Strike 1-1: Ball 2-1: Grounds into double play, 4-6-3 (Groundball, 4M)
|
Top of the 8th over - 1 run, 2 hits, 0 errors, 0 left on base; Connecticut 6 - Missouri 6 |
BOTTOM OF THE 8TH |
Missouri Tigers batting - Pitching for Connecticut Huskies : RHP Dave Howell
|
Now at 3B: Terry McRa
|
|
Pinch Hitting: LHB Julián Echevarría
|
0-0: Ball 1-0: Swinging Strike 1-1: Ball 2-1: Ball 3-1: Base on Balls
|
Batting: LHB Christian Harris
|
0-0: Foul Ball, location: 2F 0-1: Ball 1-1: Foul Ball, location: 2F 1-2: Strikes out swinging
|
Batting: SHB Marcos Cruz
|
0-0: Foul Ball, location: 2F 0-1: Ball 1-1: Ball 2-1: Swinging Strike 2-2: Ball 3-2: Base on Balls Julián Echevarría to second
|
Batting: LHB Alfredo Herrera
|
0-0: SINGLE (Flyball, 9LS) Julián Echevarría to third Marcos Cruz to second Runner from 3rd tries for Home, SAFE, no throw
|
Batting: SHB Brian Fish
|
0-0: Ball 1-0: Ball 2-0: SINGLE (Line Drive, 56) Marcos Cruz to third Alfredo Herrera to second Runner from 3rd tries for Home, SAFE, throw made home
|
Pitching: LHP Jim Bridges
|
|
Batting: LHB Rodney Rosa
|
0-0: Ball 1-0: Ball 2-0: DOUBLE (Line Drive, 89D) Alfredo Herrera scores Brian Fish to third
|
Batting: RHB Vincent Turner
|
0-0: Ball 1-0: SINGLE (Flyball, 8LS) Brian Fish scores Rodney Rosa to third Runner from 3rd tries for Home, SAFE, throw made home
|
Now in CF: Ward Dempsey
|
|
Batting: LHB Michael Robertson
|
0-0: Ball 1-0: Foul Ball, location: 2F 1-1: SINGLE (Line Drive, 4MD) Vincent Turner to second Runner from 2nd tries for 3rd, SAFE, throw made to third
|
Batting: RHB Harry Edwards
|
0-0: Ball 1-0: Ball 2-0: SINGLE (Flyball, 7LS) Vincent Turner scores Michael Robertson to second
|
Batting: LHB Julián Echevarría
|
0-0: Swinging Strike 0-1: Ball 1-1: Ball 2-1: Called Strike 2-2: Strikes out swinging
|
Batting: LHB Christian Harris
|
0-0: Ball 1-0: Ball 2-0: Ball 3-0: Called Strike 3-1: Base on Balls Michael Robertson to third Harry Edwards to second
|
Batting: SHB Marcos Cruz
|
0-0: Foul Ball, location: 2F 0-1: Ball 1-1: Swinging Strike 1-2: Foul Ball, location: 2F 1-2: Ball 2-2: Strikes out swinging
|
Bottom of the 8th over - 6 runs, 6 hits, 0 errors, 3 left on base; Connecticut 6 - Missouri 12 |
TOP OF THE 9TH |
Connecticut Huskies batting - Pitching for Missouri Tigers : LHP Jason Reed
|
Now at 3B: Walt Anderson
|
|
Batting: RHB Ron Frost
|
0-0: Called Strike 0-1: Ground out 5-3 (Groundball, 56)
|
Batting: RHB Phil Gabriel
|
0-0: Foul Ball, location: 2F 0-1: Ball 1-1: SOLO HOME RUN (Flyball, 7LD), Distance : 335 ft
|
Batting: LHB Roberto Martínez
|
0-0: Ball 1-0: Called Strike 1-1: Swinging Strike 1-2: Ground out 4-3 (Groundball, 4MS)
|
Batting: RHB Eric Vaughn
|
0-0: SOLO HOME RUN (Flyball, 7LD), Distance : 316 ft
|
Pitching: RHP Kelly Rhoads
|
|
Batting: RHB Ward Dempsey
|
0-0: Foul Ball, location: 2F 0-1: Ball 1-1: Foul Ball, location: 2F 1-2: Strikes out swinging
|
Top of the 9th over - 2 runs, 2 hits, 0 errors, 0 left on base; Connecticut 8 - Missouri 12 |
|
Saturday, April 7th, 2018 - OOTP Baseball 18.8 Build 76
|
|